 Dungeon Crawl Stone Soup version 0.19.1 (webtiles) character file.

145 esteth the Firebug (level 5, -9/28 HPs)
             Began as a Gargoyle Fire Elementalist on Dec 15, 2016.
             Killed by divine providence
             ... invoked by an orc priest
              (10 damage)
             ... on level 3 of the Dungeon.
             The game lasted 00:12:33 (3648 turns).

esteth the Firebug (Gargoyle Fire Elementalist)     Turns: 3648, Time: 00:12:34

Health: -9/28      AC:  8    Str: 12    XL:     5   Next: 27%
Magic:  0/9        EV: 12    Int: 16    God:
Gold:   148        SH:  0    Dex: 10    Spells: 2 memorised, 5 levels left

rFire  . . .     SeeInvis .     d - +0 dagger (venom)
rCold  . . .     Gourm    .     a - +2 robe
rNeg   + . .     Faith    .     (no shield)
rPois  ∞         Spirit   .     (no helmet)
rElec  +         Reflect  .     (no cloak)
rCorr  .         Harm     .     (no gloves)
MR     .....                    (no boots)
Stlth  ++........               (no amulet)
                                (no ring)
                                (no ring)

@: no status effects
A: negative energy resistance 1, electricity resistance, unbreathing,
petrification resistance, rot immunity, AC +4
a: no special abilities


You were on level 3 of the Dungeon.
You were not hungry.

You visited 1 branch of the dungeon, and saw 4 of its levels.

You collected 148 gold pieces.

Inventory:

Hand Weapons
 d - a +0 dagger of venom (weapon)
 j - a +0 whip
Armour
 a - a +2 robe (worn)
Jewellery
 k - an uncursed ring of flight {unknown}
Scrolls
 h - 2 scrolls of identify
Potions
 e - a potion of invisibility
 f - 4 potions of curing {unknown}
 g - a potion of lignification {unknown}
 l - a potion of resistance {unknown}
 m - a potion of heal wounds {unknown}
 n - 2 potions of haste {unknown}
 o - a potion of berserk rage {unknown}
Books
 b - a book of Flames

   Spells                             Type                      Level
   a - Flame Tongue                   Conjuration/Fire             1
   b - Throw Flame                    Conjuration/Fire             2
   c - Conjure Flame                  Conjuration/Fire             3
   d - Inner Flame                    Hexes/Fire                   3
   e - Sticky Flame                   Conjuration/Fire             4
   f - Fireball                       Conjuration/Fire             5
Comestibles
 c - 4 bread rations
 i - 3 meat rations
 p - a chunk of flesh


   Skills:
 - Level 1.5 Dodging
 - Level 2.2 Stealth
 + Level 3.2 Spellcasting
 + Level 3.3 Conjurations
 + Level 3.9 Fire Magic


You had 5 spell levels left.
You knew the following spells:

 Your Spells              Type           Power        Failure   Level  Hunger
a - Flame Tongue          Conj/Fire      ##...        6%          1    None
b - Sticky Flame          Conj/Fire      ##......     50%         4    ####...


Dungeon Overview and Level Annotations

Branches:
Dungeon (4/15)
 Temple: D:4-7

Altars:
Gozag

Annotations:
D:4 Robin; dscm's ghost, weakling FeTm


Innate Abilities, Weirdness & Mutations

You are resistant to torment.
Your stone body is resilient. (AC +4)
You are immune to poison.
You resist negative energy. (rN+)
You are resistant to electric shocks. (rElec)
You can survive without breathing.
You are immune to petrification.
You are immune to rotting.


Message History

Aiming: Flame Tongue
Press: ? - help, Shift-Dir - straight line, f/p - orc priest
Aim: an orc priest, wielding a club (almost dead)
The flame tongue misses the orc priest.
Things that are here:
a dagger; a goblin skeleton The orc priest hits you with a club.
* * * LOW HITPOINT WARNING * * *
The orc priest invokes the aid of Beogh against you.
You barely resist.
Casting: Flame Tongue
Confirm with . or Enter, or press ? or * to list all spells.
Aiming: Flame Tongue
Press: ? - help, Shift-Dir - straight line, f/p - orc priest
Aim: an orc priest, wielding a club (severely wounded)
The flame tongue hits the orc priest.
The orc priest is almost dead.
The orc priest invokes the aid of Beogh against you.
Beogh smites you!
You die...

#.#.###..#####.# #.# ######
#.#.###..#####.####.###.....
######.............÷.............
..)..#.##.##..##...)###.####.##..
####.#...........#..# #.# #.#...
#.########...a...# #.# ##[#...
#.## ####o#### #.# #.)..>. #..#
##.## #.###.###.. #####.# #.@.#
##......oa.# ..# #.# #...#
#....).....# #.# #.#
#...####...........
#.###.#########...##.#...##.##.#.
...(.....##.........#.#..##.##.#.
#..##.##..........(###...##.##.#.
#..##.##.##.........#.##.......##
......##.######..(##.######.####
##..####.# #.))#### #.#


You could see a worker ant and an orc priest.

Vanquished Creatures
  A worker ant (D:3)
  2 adders (D:2)
  2 worms (D:2)
  2 dart slugs
  3 leopard geckos
  9 orcs (D:3)
  A ball python (D:2)
  6 bats
  5 giant cockroaches
  10 goblins
  8 hobgoblins
  2 jackals (D:2)
  2 quokkas (D:3)
  6 frilled lizards
  11 kobolds
  4 rats
74 creatures vanquished.

Notes
Turn   | Place    | Note
-------+----------+-------------------------------------------
     0 | D:1      | esteth the Gargoyle Fire Elementalist began the quest for the Orb.
     0 | D:1      | Reached XP level 1. HP: 10/10 MP: 3/3
   192 | D:1      | Reached XP level 2. HP: 14/15 MP: 0/5
   734 | D:1      | Reached XP level 3. HP: 19/19 MP: 4/6
  1555 | D:2      | Reached XP level 4. HP: 21/24 MP: 2/8
  2679 | D:3      | Learned a level 4 spell: Sticky Flame
  2708 | D:3      | You fall through a shaft!
  2708 | D:4      | Noticed Robin
  2717 | D:4      | Noticed dscm's ghost (weakling FeTm)
  2990 | D:3      | Found an opulent altar of Gozag.
  3472 | D:3      | Reached XP level 5. HP: 16/28 MP: 3/9
  3644 | D:3      | HP: 1/28 [orc priest/club (3)]
  3648 | D:3      | Killed from afar by an orc priest

Skill      XL: |  1  2  3  4 |
---------------+-------------+-----
Conjurations   | 2 3 |  3.3
Spellcasting   | 3 |  3.2
Dodging        | |  1.5
Stealth        | |  2.2
Fire Magic     | |  3.9

Action                   |  1- 3 |  4- 6 || total
-------------------------+-------+-------++-------
Melee: Unarmed           |    14 |       ||    14
       Dagger            |       |     1 ||     1
 Cast: Flame Tongue      |    57 |    79 ||   136
  Use: Scroll            |     1 |     8 ||     9
  Eat: Chunk             |     3 |     6 ||     9
Armor: Robe              |    16 |    27 ||    43
Dodge: Dodged            |    47 |    45 ||    92
